 Dungeon Crawl Stone Soup version 0.27-a0-660-g90476cec82 (webtiles) character file.

Game seed: 8528408915117574697

10 rednaxela the Cudgeller (level 2, 0/28 HPs)
             Began as a Naga Monk on Mar 16, 2021.
             Slain by a leopard gecko (2 damage)
             ... on level 1 of the Dungeon.
             The game lasted 00:00:56 (503 turns).

rednaxela the Cudgeller (Naga Monk)                  Turns: 503, Time: 00:00:57

Health: 0/28       AC:  1    Str: 13    XL:     2   Next: 20%
Magic:  2/2        EV: 10    Int: 10    God:
Gold:   19         SH:  0    Dex: 13    Spells: 1/1 levels left

rFire    . . .     SeeInvis +   a - +0 mace
rCold    . . .     Faith    .   (no shield)
rNeg     . . .     Spirit   .   b - +0 robe
rPois    +         Reflect  .   (no helmet)
rElec    .         Harm     .   (no cloak)
rCorr    .         Rampage  .   (no gloves)
Will     .....                  (no barding)
Stlth    ++........             (no amulet)
HPRegen  0.09/turn              (no ring)
MPRegen  0.08/turn              (no ring)

@: short of breath, very slow
A: AC +0, large, see invisible, deformed body, poison resistance, slowness 2,
spit poison 1, naga tail 1
a: Spit Poison


You were on level 1 of the Dungeon.
You visited 1 branch of the dungeon, and saw 1 of its levels.

You collected 19 gold pieces.

Inventory:

Hand Weapons
 a - a +0 mace (weapon)
Armour
 b - a +0 robe (worn)
Scrolls
 c - a scroll of fog {unknown}
Potions
 d - a potion of berserk rage {unknown}


   Skills:
 - Level 3.0 Fighting
 + Level 3.6 Maces & Flails
 - Level 2.4 Dodging
 - Level 3.0 Stealth


You had one spell level left.
You didn't know any spells.
Your spell library was empty.

Dungeon Overview and Level Annotations

Branches:
Dungeon (1/15)

Altars:


Innate Abilities, Weirdness & Mutations

Your serpentine skin is tough. (AC +0)
You have supernaturally acute eyesight. (SInv)
Armour fits poorly on your strangely shaped body.
Your system is resistant to poisons. (rPois)
You cover ground very slowly.
You can spit poison.
You have a snake-like lower body.


Message History

A frilled lizard comes into view.
Found a stone staircase leading down.
A goblin comes into view. It is wielding a +0 club.
Found 6 gold pieces.
The helpless goblin fails to defend itself.
You hit the goblin.
You kill the goblin!
No target in view!
Found a stone staircase leading down.
Things that are here:
a +0 club; a goblin corpse
There is a stone staircase leading down here.
You now have 6 gold pieces.
A kobold comes into view.
The kobold shouts!
You hit the kobold.
You kill the kobold!
No target in view!
You now have 19 gold pieces (gained 13).
A kobold comes into view.
The kobold misses you.
You barely miss the kobold. The kobold barely misses you.
You hit the kobold.
You kill the kobold!
You have reached level 2!
A rat comes into view.
A rat is nearby!
Unknown command.
Setting a skill training target for Maces & Flails at 14.0.
You barely miss the rat. The rat barely misses you.
You sock the rat!
You kill the rat!
No target in view!
There is an empty arch of ancient stone here.
There is an empty arch of ancient stone here.
There is an empty arch of ancient stone here.
There is an empty arch of ancient stone here.
There is an empty arch of ancient stone here.
A kobold comes into view.
The kobold hits you.
You hit the kobold.
You kill the kobold!
No target in view!
HP restored.
Things that are here:
2 stones; a kobold corpse
There is a shaft here.
A bat comes into view.
You see here a purple potion.
d - a purple potion A leopard gecko comes into view.
The leopard gecko hisses angrily.
Found a fuming cyan potion.
You closely miss the leopard gecko. The leopard gecko closely misses you.
The leopard gecko bites you.
You barely miss the leopard gecko. The leopard gecko bites you.
You barely miss the leopard gecko. The leopard gecko closely misses you.
The bat closely misses you. The leopard gecko barely misses you.
You hit the bat but do no damage. The bat hits you but does no damage.
The bat barely misses you. The leopard gecko bites you.
* * * LOW HITPOINT WARNING * * *
The bat barely misses you.
You are too injured to fight recklessly!
You are too injured to fight recklessly!
You miss the leopard gecko. The bat hits you.
* * * LOW HITPOINT WARNING * * *
The leopard gecko bites you but does no damage.
The bat hits you but does no damage. The leopard gecko bites you.
* * * LOW HITPOINT WARNING * * *
Press: ? - help, Shift-Dir - straight line, f - bat
Aim: a bat The splash of poison hits the bat.
The bat is poisoned.
You kill the bat!
The leopard gecko closely misses you.
You hit the leopard gecko.
The leopard gecko is lightly wounded.
The leopard gecko bites you.
* * * LOW HITPOINT WARNING * * *
You miss the leopard gecko.
The leopard gecko is lightly wounded.
The leopard gecko bites you.
* * * LOW HITPOINT WARNING * * *
The leopard gecko bites you.
* * * LOW HITPOINT WARNING * * *
You barely miss the leopard gecko.
The leopard gecko is lightly wounded.
The leopard gecko bites you.
* * * LOW HITPOINT WARNING * * *
You hit the leopard gecko.
The leopard gecko is almost dead.
You have got your breath back.
The leopard gecko barely misses you. x2
Press: ? - help, Shift-Dir - straight line, f - leopard gecko
Aim: a leopard gecko (almost dead)
The splash of poison misses the leopard gecko.
The leopard gecko closely misses you.
You barely miss the leopard gecko.
The leopard gecko is almost dead.
The leopard gecko bites you.
You die...

## ## ... .# ..
.# #. .#
#.###.######
#...@l.!...#
######...#####.#
.......#....#
#####...##.#
##.###.#
###...##.######
#.............#
##
#.#####..####.#
. #.# #..# #^#


You could see a leopard gecko.

Vanquished Creatures
  A dart slug (D:1)
  A goblin (D:1)
  A hobgoblin (D:1)
  A bat (D:1)
  3 kobolds (D:1)
  A rat (D:1)
8 creatures vanquished.

Notes
Turn   | Place    | Note
-------+----------+-------------------------------------------
     0 | D:1      | rednaxela the Naga Monk began the quest for the Orb.
     0 | D:1      | Reached XP level 1. HP: 21/21 MP: 1/1
   293 | D:1      | Reached XP level 2. HP: 28/28 MP: 2/2
   503 | D:1      | Slain by a leopard gecko

Illustrated notes

Levels and vault maps discovered:
D:1:      heliophobic_arrival_enchanted_forest, layout_loops_ring

Action                   || total
-------------------------++-------
Melee: Mace              ||    23
 Abil: Spit Poison       ||     2
 Stab: Sleeping          ||     1
Armor: Robe              ||     3
Dodge: Dodged            ||    13

Table legend: (Time is in decaauts)
 A = Elapsed time spent in this place.
 B = Non-inter-level travel time spent in this place.
 C = Inter-level travel time spent in this place.
 D = Time resting spent in this place.
 E = Time spent auto-exploring this place.
 F = Levels seen in this place.
 G = Mean time per level.
                   A        B        C        D        E       F      G
               +--------+--------+--------+--------+--------+-----+--------+
         Total |    602 |    602 |      0 |    196 |    275 |   1 |  602.0 |
       Dungeon |    602 |    602 |      0 |    196 |    275 |   1 |  602.0 |
               +--------+--------+--------+--------+--------+-----+--------+

Top non-repeatable levels by time:
     D:1: 602 daAuts
